 Dungeon Crawl Stone Soup version 0.28.0-47-ge53b351184 (webtiles) character file.

Game seed: 8884023688108615312

18 bobregger the Ducker (level 2, 23/23 HPs)
             Began as a Demonspawn Gladiator on Apr 28, 2022.
             Was a Follower of Vehumet.
             Got out of the dungeon alive.
             The game lasted 00:01:30 (792 turns).

bobregger the Ducker (Demonspawn Gladiator)          Turns: 792, Time: 00:01:30

Health: 23/23      AC:  4    Str: 14    XL:     2   Next: 51%
Magic:  2/2        EV: 12    Int:  9    God:    Vehumet [*.....]
Gold:   68         SH:  0    Dex: 14    Spells: 1/1 levels left

rFire   . . .      SeeInvis .   a - +0 quarterstaff
rCold   . . .      Faith    .   (shield currently unavailable)
rNeg    . . .      Spirit   .   b - +0 leather armour
rPois   .          Reflect  .   c - +0 helmet
rElec   .          Harm     .   (no cloak)
rCorr   .          Rampage  .   (no gloves)
Will    .....                   (no boots)
Stlth   +.........              (no amulet)
HPRegen 0.07/turn               (no ring)
MPRegen 0.08/turn               (no ring)

@: no status effects
A: demonic touch 1
a: Renounce Religion


You escaped.
You worshipped Vehumet.
Vehumet was aware of your devotion.
You visited 1 branch of the dungeon, and saw 2 of its levels.

You collected 68 gold pieces.

Inventory:

Hand Weapons
 a - a +0 quarterstaff (weapon)
Missiles
 d - 3 throwing nets (quivered)
Armour
 b - a +0 leather armour (worn)
 c - a +0 helmet (worn)
Scrolls
 e - a scroll of holy word {unknown}
 f - a scroll of acquirement {unknown}
 h - a scroll of teleportation {unknown}
Potions
 g - a potion of attraction {unknown}


   Skills:
 * Level 2.5 Fighting
 + Level 2.9 Staves
 - Level 1.7 Throwing
 * Level 3.0 Dodging


You had one spell level left.
You didn't know any spells.
Your spell library contained the following spells:

 Spells                   Type           Power      Damage    Failure   Level
 Shock                    Conj/Air       0%         1d3       45%         1
 Confusing Touch          Hex            0%         N/A       83%         3
 Yara's Violent Unravell  Hex/Tmut       0%         3d3       100%        5
 Enfeeble                 Hex            0%         N/A       100%        7


Dungeon Overview and Level Annotations

Branches:
Dungeon (2/15)

Altars:
Vehumet


Innate Abilities, Weirdness & Mutations

Your touch may inflict minor irresistible damage on your foes.


Message History

Found 14 gold pieces.
You see here a +0 dagger.
You now have 54 gold pieces (gained 14).
h - a scroll labelled DUIRCH YV UXU You now have 64 gold pieces (gained 10).
Things that are here:
a +0 club; a goblin skeleton Done exploring.
Done exploring.
Done exploring.
Done exploring.
There is a stone staircase leading down here.
You climb downwards.
There is a stone staircase leading up here.
Found a stone staircase leading down.
Found 23 stones.
You now have 68 gold pieces (gained 4).
Found a stone staircase leading up.
A kobold comes into view. It is wielding a +0 short sword.
The kobold shouts!
You see here a scroll labelled PUMIELUMEHO.
The kobold barely misses you.
You sock the kobold!
You kill the kobold!
Vehumet accepts your kill.
You see here a +0 short sword.
Found 14 sling bullets.
There is a stone staircase leading up here.
You climb upwards.
There is a stone staircase leading down here.
You see here a +0 club.
You see here a +0 ring mail.
You open the door.
There is an open door here.
As you open the door, it creaks loudly!
There is an open door here.
There is an open door here.
There is a staircase leading out of the dungeon here.
Are you sure you want to leave the Dungeon?
This will make you lose the game!
You have escaped!

#....†....###......#.#####.
#.............#..#.#.# #...
#..............>.....###...
#..........................
#.....########.............
#####.#......#............#
#.#.####.#...........##
#.#.#..#.#...........#
##.#.+.@'.#...........##
##..#.#..#.#...........).
#..##.####'#.......###...
#.###......'...........##
#.# ######'#[.....#######
#.######...........##....
##..................#.....
#...###...##..............
##### #..###..............


There were no monsters in sight!

Vanquished Creatures
  2 dart slugs (D:1)
  2 bats (D:1)
  An endoplasm (D:1)
  5 goblins (D:1)
  A ball python (D:1)
  A frilled lizard (D:1)
  2 kobolds
  A rat (D:1)
15 creatures vanquished.

Notes
Turn   | Place    | Note
-------+----------+-------------------------------------------
     0 | D:1      | bobregger the Demonspawn Gladiator began the quest for the
                  | Orb.
     0 | D:1      | Reached XP level 1. HP: 16/16 MP: 1/1
   197 | D:1      | Discovered your monstrous ancestry.
   197 | D:1      | Gained mutation: Your touch may inflict minor irresistible
                  | damage on your foes. [demonic ancestry]
   197 | D:1      | Reached XP level 2. HP: 19/22 MP: 2/2
   300 | D:1      | Reached skill level 3 in Dodging
   433 | D:1      | Found a faded altar of an unknown god.
   457 | D:1      | Prayed at the altar of an unknown god.
   457 | D:1      | Became a worshipper of Vehumet
   457 | D:1      | Reached * piety under Vehumet
   457 | D:1      | Offered knowledge of Shock by Vehumet.
   792 | D:$      | Got out of the dungeon alive.

Illustrated notes

Levels and vault maps discovered:
D:1:      ncdulo_smallfort, layout_rooms, basic_ecumenical_altar,
          minmay_heptomino_o4
D:2:      minmay_chambers_of_twos, layout_basic

Skill      XL: |  1  2 |
---------------+-------+-----
Dodging        | 3 |  3.0
Fighting       | |  2.5
Staves         | |  2.9
Throwing       | |  1.7

Action                   || total
-------------------------++-------
Melee: Quarterstaff      ||    42
Armor: Leather armour    ||    18
Dodge: Dodged            ||    27
